| TOP OF THE 1ST |
|
Bakersfield Bears batting - Pitching for San Jose Bees : RHP Frank Wills
|
|
Pitching: RHP Frank Wills
|
|
|
Batting: RHB Jack Lopez
|
0-0: Ball 1-0: Ball 2-0: TRIPLE (Flyball, 78XD, EV 105.6 MPH)
|
|
Batting: LHB Kevin Waller
|
0-0: Foul Ball, location: 2F 0-1: Ball 1-1: Ball 2-1: Foul Ball, location: 2F 2-2: SINGLE (Line Drive, 89S, EV 108.1 MPH) Jack Lopez scores
|
|
Batting: LHB Jim Eppard
|
0-0: Called Strike 0-1: Fly out, F7 (Line Drive, 7, EV 97.5 MPH)
|
|
Batting: RHB Steve Buechele
|
0-0: Ball 1-0: Called Strike 1-1: Foul Ball, location: 2F 1-2: Foul Ball, location: 2F 1-2: Foul Ball, location: 2F 1-2: Ball 2-2: Grounds into double play, 4-6-3 (Groundball, 4M, EV 100.0 MPH)
|
| Top of the 1st over - 1 run, 2 hits, 0 errors, 0 left on base; Bakersfield 1 - San Jose 0 |
| BOTTOM OF THE 1ST |
|
San Jose Bees batting - Pitching for Bakersfield Bears : RHP Heriberto Ovalle
|
|
Pitching: RHP Heriberto Ovalle
|
|
|
Batting: RHB Anthony Laurenzi
|
0-0: Ball 1-0: Swinging Strike 1-1: Foul Ball, location: 2F 1-2: Foul Ball, location: 2F 1-2: Strikes out swinging
|
|
Batting: RHB Ron MacDonald
|
0-0: Ball 1-0: Called Strike 1-1: SINGLE (Groundball, 6D, EV 95.0 MPH)
|
|
Batting: LHB Stanley Davis
|
0-0: Called Strike 0-1: Ball 1-1: Ball 2-1: Fly out, F7 (Flyball, 7, EV 86.3 MPH)
|
|
Batting: RHB Ricky McMullen
|
0-0: Reached via error on a dropped throw from SS, E3 (Groundball, 6M, EV 93.8 MPH) Ron MacDonald to second
|
|
Batting: RHB Michael Parker
|
0-0: Ball 1-0: SINGLE (Line Drive, 7S, EV 95.6 MPH) Ron MacDonald to third Ricky McMullen to second Runner from 3rd tries for Home, SAFE, throw by LF to home
|
|
Batting: RHB Timothy Wallace
|
0-0: Swinging Strike 0-1: Called Strike 0-2: Strikes out swinging
|
| Bottom of the 1st over - 1 run, 2 hits, 1 error, 2 left on base; Bakersfield 1 - San Jose 1 |
| TOP OF THE 2ND |
|
Bakersfield Bears batting - Pitching for San Jose Bees : RHP Frank Wills
|
|
Batting: LHB Gregory DeLaune
|
0-0: Ball 1-0: Called Strike 1-1: Swinging Strike 1-2: Fly out, F7 (Line Drive, 7, EV 109.4 MPH)
|
|
Batting: RHB James Oros
|
0-0: Ball 1-0: Foul Ball, location: 2F 1-1: Ball 2-1: Ground out 6-3 (Groundball, 6, EV 97.5 MPH)
|
|
Batting: RHB Preston Williams
|
0-0: Ball 1-0: Ball 2-0: Called Strike 2-1: Ball 3-1: Base on Balls
|
|
Batting: RHB Jeff Rudolph
|
0-0: Ball 1-0: Ball 2-0: Called Strike 2-1: Fly out, F7 (Flyball, 7, EV 88.8 MPH)
|
| Top of the 2nd over - 0 runs, 0 hits, 0 errors, 1 left on base; Bakersfield 1 - San Jose 1 |
| BOTTOM OF THE 2ND |
|
San Jose Bees batting - Pitching for Bakersfield Bears : RHP Heriberto Ovalle
|
|
Batting: LHB Dale Weaver
|
0-0: Ground out 6-3 (Groundball, 6, EV 100.0 MPH)
|
|
Batting: RHB David Hoyt
|
0-0: SINGLE (Groundball, 6S, EV 69.4 MPH) (infield hit)
|
|
Batting: RHB Bill Pinkham
|
0-0: Called Strike 0-1: SINGLE (Line Drive, 78M, EV 95.0 MPH) David Hoyt to second
|
|
Batting: RHB Anthony Laurenzi
|
0-0: Ball 1-0: Ball Wild Pitch! David Hoyt to third Bill Pinkham to second 2-0: Ball 3-0: Swinging Strike 3-1: Foul Ball, location: 2F 3-2: Foul Ball, location: 2F 3-2: Base on Balls
|
|
Batting: RHB Ron MacDonald
|
0-0: Ball 1-0: Swinging Strike 1-1: Swinging Strike 1-2: Ground out 5-3 (Groundball, 56S, EV 70.6 MPH) David Hoyt scores Bill Pinkham to third Anthony Laurenzi to second
|
|
Batting: LHB Stanley Davis
|
0-0: Ball 1-0: Called Strike 1-1: Swinging Strike 1-2: Foul Ball, location: 2F 1-2: Ball 2-2: Ball 3-2: Fly out, F9 (Flyball, 9, EV 90.6 MPH)
|
| Bottom of the 2nd over - 1 run, 2 hits, 0 errors, 2 left on base; Bakersfield 1 - San Jose 2 |
| TOP OF THE 3RD |
|
Bakersfield Bears batting - Pitching for San Jose Bees : RHP Frank Wills
|
|
Batting: RHB Gus Malespin
|
0-0: Called Strike 0-1: Ball 1-1: Ground out 5-3 (Groundball, 56, EV 85.6 MPH)
|
|
Batting: RHB Jack Lopez
|
0-0: Ball 1-0: Ball 2-0: Foul Ball, location: 2F 2-1: Ball 3-1: Ground out 5-3 (Groundball, 56S, EV 85.0 MPH)
|
|
Batting: LHB Kevin Waller
|
0-0: Ground out 4-3 (Groundball, 4, EV 86.9 MPH)
|
| Top of the 3rd over - 0 runs, 0 hits, 0 errors, 0 left on base; Bakersfield 1 - San Jose 2 |
| BOTTOM OF THE 3RD |
|
San Jose Bees batting - Pitching for Bakersfield Bears : RHP Heriberto Ovalle
|
|
Batting: RHB Ricky McMullen
|
0-0: Ball 1-0: Ground out U3 (Groundball, 34S, EV 69.4 MPH)
|
|
Batting: RHB Michael Parker
|
0-0: Foul Ball, location: 2F 0-1: Swinging Strike 0-2: Foul Ball, location: 2F 0-2: Ball 1-2: SINGLE (Line Drive, 4M, EV 110.0 MPH)
|
|
Batting: RHB Timothy Wallace
|
0-0: Grounds into double play, 1-6-3 (Groundball, 13, EV 75.6 MPH)
|
| Bottom of the 3rd over - 0 runs, 1 hit, 0 errors, 0 left on base; Bakersfield 1 - San Jose 2 |
| TOP OF THE 4TH |
|
Bakersfield Bears batting - Pitching for San Jose Bees : RHP Frank Wills
|
|
Batting: LHB Jim Eppard
|
0-0: Ball 1-0: Called Strike 1-1: Foul Ball, location: 2F 1-2: Foul Ball, location: 2F 1-2: Foul Ball, location: 2F 1-2: Ground out 6-3 (Groundball, 6S, EV 88.1 MPH)
|
|
Batting: RHB Steve Buechele
|
0-0: Ball 1-0: Swinging Strike 1-1: Ball 2-1: Foul Ball, location: 2F 2-2: Fly out, F8 (Line Drive, 8RM, EV 109.4 MPH)
|
|
Batting: LHB Gregory DeLaune
|
0-0: Ground out 4-3 (Groundball, 4, EV 81.3 MPH)
|
| Top of the 4th over - 0 runs, 0 hits, 0 errors, 0 left on base; Bakersfield 1 - San Jose 2 |
| BOTTOM OF THE 4TH |
|
San Jose Bees batting - Pitching for Bakersfield Bears : RHP Heriberto Ovalle
|
|
Batting: LHB Dale Weaver
|
0-0: Ball 1-0: SINGLE (Groundball, 34D, EV 93.8 MPH)
|
|
Batting: RHB David Hoyt
|
0-0: Ball 1-0: Called Strike 1-1: Ball 2-1: Called Strike 2-2: SINGLE (Line Drive, 78M, EV 107.5 MPH) Dale Weaver to second
|
|
Batting: RHB Bill Pinkham
|
0-0: Swinging Strike 0-1: Ball 1-1: Fly out, F3 (Popup, 3, EV 67.5 MPH)
|
|
Batting: RHB Anthony Laurenzi
|
0-0: Ball 1-0: Foul Ball, location: 2F 1-1: Foul Ball, location: 2F 1-2: Ball 2-2: Fly out, F7 (Flyball, 7S, EV 86.3 MPH)
|
|
Batting: RHB Ron MacDonald
|
0-0: Swinging Strike 0-1: Ball 1-1: Fly out, F3 (Popup, 34S, EV 75.6 MPH)
|
| Bottom of the 4th over - 0 runs, 2 hits, 0 errors, 2 left on base; Bakersfield 1 - San Jose 2 |
| TOP OF THE 5TH |
|
Bakersfield Bears batting - Pitching for San Jose Bees : RHP Frank Wills
|
|
Batting: RHB James Oros
|
0-0: Called Strike 0-1: Ball 1-1: Ball 2-1: Fly out, F9 (Flyball, 9LD, EV 88.8 MPH)
|
|
Batting: RHB Preston Williams
|
0-0: Ball 1-0: Foul Ball, location: 2F 1-1: Swinging Strike 1-2: Ball 2-2: SINGLE (Groundball, 6MD, EV 103.1 MPH)
|
|
Batting: RHB Jeff Rudolph
|
0-0: Ball 1-0: Foul Ball, location: 2F 1-1: Ball 2-1: Called Strike 2-2: Ball 3-2: Ground out 5-3 (Groundball, 5, EV 90.6 MPH) Preston Williams to second
|
|
Batting: RHB Gus Malespin
|
0-0: Ball 1-0: Ball 2-0: Ball 3-0: Base on Balls
|
|
Batting: RHB Jack Lopez
|
0-0: Foul Ball, location: 2F 0-1: Ball 1-1: Foul Ball, location: 2F 1-2: Ball 2-2: Fielders Choice at 2nd, 6-4 (Groundball, 6, EV 86.3 MPH)
|
| Top of the 5th over - 0 runs, 1 hit, 0 errors, 2 left on base; Bakersfield 1 - San Jose 2 |
| BOTTOM OF THE 5TH |
|
San Jose Bees batting - Pitching for Bakersfield Bears : RHP Heriberto Ovalle
|
|
Batting: LHB Stanley Davis
|
0-0: Ground out 3-1 (Groundball, 34S, EV 85.6 MPH)
|
|
Batting: RHB Ricky McMullen
|
0-0: Ball 1-0: Called Strike 1-1: Fly out, F7 (Flyball, 7, EV 91.3 MPH)
|
|
Batting: RHB Michael Parker
|
0-0: Foul Ball, location: 2F 0-1: Swinging Strike 0-2: Ball 1-2: Ball 2-2: Fly out, F4 (Popup, 4M, EV 61.3 MPH)
|
| Bottom of the 5th over - 0 runs, 0 hits, 0 errors, 0 left on base; Bakersfield 1 - San Jose 2 |
| TOP OF THE 6TH |
|
Bakersfield Bears batting - Pitching for San Jose Bees : RHP Frank Wills
|
|
Batting: LHB Kevin Waller
|
0-0: Ball 1-0: SINGLE (Line Drive, 78S, EV 100.0 MPH)
|
|
Batting: LHB Jim Eppard
|
0-0: Ball 1-0: Ball 2-0: SINGLE (Line Drive, 56D, EV 95.6 MPH) Kevin Waller to second
|
|
Batting: RHB Steve Buechele
|
0-0: SINGLE (Groundball, 4D, EV 104.4 MPH) Kevin Waller to third Jim Eppard to second Runner from 3rd tries for Home, SAFE, throw by CF to home
|
|
Batting: LHB Gregory DeLaune
|
0-0: Ball 1-0: Ground out 3-1 (Groundball, 34S, EV 68.8 MPH) Jim Eppard to third Steve Buechele to second
|
|
Batting: RHB James Oros
|
0-0: Ball 1-0: Called Strike 1-1: Ball 2-1: Swinging Strike 2-2: Strikes out swinging
|
|
Batting: RHB Preston Williams
|
0-0: Swinging Strike 0-1: Ball 1-1: Foul Ball, location: 2F 1-2: Foul Ball, location: 2F 1-2: Ball 2-2: Strikes out swinging
|
| Top of the 6th over - 1 run, 3 hits, 0 errors, 2 left on base; Bakersfield 2 - San Jose 2 |
| BOTTOM OF THE 6TH |
|
San Jose Bees batting - Pitching for Bakersfield Bears : RHP Heriberto Ovalle
|
|
Batting: RHB Timothy Wallace
|
0-0: Ball 1-0: Ball 2-0: SINGLE (Groundball, 56S, EV 70.0 MPH) (infield hit)
|
|
Batting: LHB Dale Weaver
|
0-0: Fly out, F5 (Line Drive, 5, EV 68.8 MPH)
|
|
Batting: RHB David Hoyt
|
0-0: Ball 1-0: Grounds into double play, 4-6-3 (Groundball, 4, EV 83.8 MPH)
|
| Bottom of the 6th over - 0 runs, 1 hit, 0 errors, 0 left on base; Bakersfield 2 - San Jose 2 |
| TOP OF THE 7TH |
|
Bakersfield Bears batting - Pitching for San Jose Bees : RHP Frank Wills
|
|
Batting: RHB Jeff Rudolph
|
0-0: Ball 1-0: Ball 2-0: Foul Ball, location: 2F 2-1: DOUBLE (Flyball, 8LXD, EV 108.1 MPH)
|
|
Batting: RHB Gus Malespin
|
0-0: 2-RUN HOME RUN (Flyball, 78XD, EV 91.3 MPH), Distance : 402 ft
|
|
Batting: RHB Jack Lopez
|
0-0: Foul Ball, location: 2F 0-1: Swinging Strike 0-2: Ball 1-2: Foul Ball, location: 2F 1-2: Ball 2-2: Ball 3-2: SINGLE (Flyball, 89S, EV 86.3 MPH)
|
|
Batting: LHB Kevin Waller
|
0-0: Ball 1-0: Ball 2-0: Fielders Choice at 2nd, 1-6 (Groundball, P, EV 67.5 MPH)
|
|
Batting: LHB Jim Eppard
|
0-0: Ball 1-0: Ball 2-0: Called Strike 2-1: Foul Ball, location: 2F 2-2: Foul Ball, location: 2F 2-2: Ball 3-2: Foul Ball, location: 2F 3-2: Foul Ball, location: 2F 3-2: Grounds into double play, 4-6-3 (Groundball, 34, EV 81.9 MPH)
|
| Top of the 7th over - 2 runs, 3 hits, 0 errors, 0 left on base; Bakersfield 4 - San Jose 2 |
| BOTTOM OF THE 7TH |
|
San Jose Bees batting - Pitching for Bakersfield Bears : RHP Heriberto Ovalle
|
|
Batting: RHB Bill Pinkham
|
0-0: Called Strike 0-1: Swinging Strike 0-2: Ball 1-2: Ball 2-2: Strikes out looking
|
|
Batting: RHB Anthony Laurenzi
|
0-0: Ball 1-0: Ball 2-0: Ball 3-0: Called Strike 3-1: Base on Balls
|
|
Batting: RHB Ron MacDonald
|
0-0: Called Strike 0-1: Foul Ball, location: 2F 0-2: Ball 1-2: Grounds into double play, 4-6-3 (Groundball, 4, EV 111.3 MPH)
|
| Bottom of the 7th over - 0 runs, 0 hits, 0 errors, 0 left on base; Bakersfield 4 - San Jose 2 |
| TOP OF THE 8TH |
|
Bakersfield Bears batting - Pitching for San Jose Bees : RHP Frank Wills
|
|
Batting: RHB Steve Buechele
|
0-0: Ball 1-0: Ball 2-0: Called Strike 2-1: Foul Ball, location: 2F 2-2: Ball 3-2: Base on Balls
|
|
Batting: LHB Gregory DeLaune
|
0-0: Ball 1-0: Ground out 6-3 (Groundball, 6MS, EV 65.6 MPH) Steve Buechele to second
|
|
Batting: RHB James Oros
|
0-0: Ball 1-0: Called Strike 1-1: Ball 2-1: Ball 3-1: Base on Balls
|
|
Batting: RHB Preston Williams
|
0-0: Fly out, F4 (Popup, 4, EV 78.8 MPH)
|
|
Batting: RHB Jeff Rudolph
|
0-0: Foul Ball, location: 2F 0-1: Swinging Strike 0-2: Strikes out looking
|
| Top of the 8th over - 0 runs, 0 hits, 0 errors, 2 left on base; Bakersfield 4 - San Jose 2 |
| BOTTOM OF THE 8TH |
|
San Jose Bees batting - Pitching for Bakersfield Bears : RHP Heriberto Ovalle
|
|
Batting: LHB Stanley Davis
|
0-0: Fly out, F8 (Line Drive, 8LD, EV 95.6 MPH)
|
|
Batting: RHB Ricky McMullen
|
0-0: Ball 1-0: Ball 2-0: Ball 3-0: Base on Balls
|
|
Batting: RHB Michael Parker
|
0-0: Ball 1-0: Swinging Strike 1-1: Foul Ball, location: 2F 1-2: Fly out, F9 (Flyball, 9LM, EV 90.6 MPH)
|
|
Batting: RHB Timothy Wallace
|
0-0: Ball 1-0: Called Strike 1-1: Fly out, F8 (Line Drive, 8RM, EV 103.8 MPH)
|
| Bottom of the 8th over - 0 runs, 0 hits, 0 errors, 1 left on base; Bakersfield 4 - San Jose 2 |
| TOP OF THE 9TH |
|
Bakersfield Bears batting - Pitching for San Jose Bees : RHP Frank Wills
|
|
Batting: RHB Gus Malespin
|
0-0: Foul Ball, location: 2F 0-1: Ground out 5-3 (Groundball, 5, EV 86.3 MPH)
|
|
Batting: RHB Jack Lopez
|
0-0: Ball 1-0: Foul Ball, location: 2F 1-1: Ground out 4-3 (Groundball, 4M, EV 83.1 MPH)
|
|
Batting: LHB Kevin Waller
|
0-0: Reached on error, E4 (Groundball, 4S, EV 83.1 MPH)
|
|
Batting: LHB Jim Eppard
|
0-0: Called Strike 0-1: Ball 1-1: Foul Ball, location: 2F 1-2: Ball 2-2: Foul Ball, location: 2F 2-2: Fly out, F9 (Line Drive, 9, EV 97.5 MPH)
|
| Top of the 9th over - 0 runs, 0 hits, 1 error, 1 left on base; Bakersfield 4 - San Jose 2 |
| BOTTOM OF THE 9TH |
|
San Jose Bees batting - Pitching for Bakersfield Bears : RHP Heriberto Ovalle
|
|
Pitching: RHP Marc Campbell
|
|
|
Batting: LHB Dale Weaver
|
0-0: Called Strike 0-1: Called Strike 0-2: Ball 1-2: Strikes out swinging
|
|
Batting: RHB David Hoyt
|
0-0: Foul Ball, location: 2F 0-1: Called Strike 0-2: Foul Ball, location: 2F 0-2: Ball 1-2: Fly out, F4 (Popup, 4, EV 75.0 MPH)
|
|
Batting: RHB Bill Pinkham
|
0-0: Called Strike 0-1: Called Strike 0-2: Strikes out looking
|
| Bottom of the 9th over - 0 runs, 0 hits, 0 errors, 0 left on base; Bakersfield 4 - San Jose 2 |
|